Map: Ruins of Seras

Players

PartinG

  • Race: Protoss Protoss
  • League: Gold

final - Winner!

  • Race: Terran Terran
  • League: Platinum

VOD

Have the link to the VOD?

Description

Time

  • Played on: Oct. 11, 2015, 3:56 p.m.
  • Length: 6:38
Show
View Real Time Build Order
Export as new Build Order

PartinG Protoss 

Build Orders: Blink Stalkers 

Get SALT Encoding   

  12  0:01  Probe (Chrono Boost)  
  13  0:11  Probe (Chrono Boost)  
  14  0:18  Pylon  
  14  0:23  Probe (Chrono Boost)  
  15  0:36  Probe (Chrono Boost)  
  15  0:39  Gateway  
  16  0:47  Probe (Chrono Boost)  
  17  0:51  Assimilator  
  17  0:55  Assimilator  
  17  0:57  Probe (Chrono Boost)  
  18  1:08  Probe (Chrono Boost), Pylon  
  20  1:18  Probe (Chrono Boost)  
  20  1:27  Cybernetics Core  
  20  1:30  Pylon  
  20  1:34  Probe (Chrono Boost)  
  21  1:46  Probe (Chrono Boost)  
  22  1:56  Probe (Chrono Boost)  
  23  2:05  Twilight Council  
  23  2:07  Probe (Chrono Boost)  
  24  2:10  Warp Gate  
  24  2:11  Stalker  
  26  2:17  Probe (Chrono Boost)  
  27  2:34  Mothership Core (Chrono Boost)  
  29  2:43  Blink (Chrono Boost)  
  29  3:01  Probe (Chrono Boost)  
  30  3:06  Stalker  
  30  3:07  Gateway  
  30  3:09  Gateway  
  30  3:11  Pylon  
  32  3:20  Gateway  
  32  3:31  Pylon  
  31  4:12  Pylon  
  31  4:17  Stalker  
  31  4:18  Stalker x3  
  39  4:29  Pylon  
  39  4:44  Stalker  
  39  4:45  Stalker x3  
  47  4:55  Pylon  
  47  5:18  Stalker  
  47  5:19  Stalker x2  
  51  5:22  Stalker  
  47  5:47  Stalker  
  47  5:48  Stalker x2  
  35  6:07  Stalker  
  35  6:11  Stalker x2  
  35  6:16  Stalker  
Show
View Real Time Build Order
Export as new Build Order

final Terran - Winner!

Build Orders: Reaper Expand 

Get SALT Encoding   

  12  0:01  SCV  
  13  0:13  SCV  
  14  0:18  Supply Depot  
  14  0:25  SCV  
  15  0:39  SCV  
  15  0:41  Barracks  
  16  0:47  Refinery  
  16  0:52  SCV  
  17  1:04  SCV  
  18  1:16  SCV  
  19  1:28  Orbital Command  
  19  1:31  Reaper  
  20  1:48  Command Center  
  20  1:54  SCV  
  20  1:57  Supply Depot  
  21  2:06  SCV  
  22  2:10  Factory  
  22  2:18  SCV  
  22  2:22  Barracks Tech Lab  
  23  2:30  SCV  
  24  2:38  Refinery  
  24  2:42  SCV  
  25  3:05  Barracks, Orbital Command  
  25  3:08  Barracks  
  25  3:11  Cyclone  
  28  3:16  SCV  
  29  3:23  Barracks Reactor  
  29  3:28  SCV  
  29  3:31  SCV  
  31  3:48  Widow Mine  
  33  3:59  Marine  
  33  4:00  Marine  
  34  4:03  Marine x2  
  34  4:09  Supply Depot  
  36  4:12  SCV  
  37  4:18  Siege Tank  
  37  4:20  Engineering Bay, Bunker  
  37  4:23  Marine  
  37  4:24  Marine  
  42  4:25  Marine x2  
  42  4:30  SCV  
  45  4:32  Supply Depot  
  45  4:42  SCV, Barracks Tech Lab, Marine x2  
  45  4:43  Barracks Tech Lab  
  48  4:51  Bunker  
  47  4:54  SCV  
  47  5:00  Marine x2  
  47  5:01  Concussive Shells  
  47  5:03  Marauder  
  47  5:04  Marauder  
  52  5:21  Siege Tank, Marine x2  
  51  5:25  Marauder x2  
  48  5:47  Marauder x2  
  37  6:09  Marauder x2, Marine x2  
Tags
 
Add a new tag
Caveats
  • Supply blocks, unpowered buildings, or Contaminate may cause inaccurate times.
  • Supply counts are checked every 10 seconds.